 Dungeon Crawl Stone Soup version 0.30-a0-723-gc1506a1cf0 (webtiles) character file.

Game seed: 10526996171928630039

145 iguanaiguana the Trooper (level 5, 0/47 HPs)
             Began as a Meteoran Delver on Jan 29, 2023.
             Succumbed to a scorpion's poison
             ... on level 5 of the Dungeon.
             The game lasted 00:03:32 (136 turns).

iguanaiguana the Trooper (Meteoran Delver)           Turns: 136, Time: 00:03:32

Health: 0/47       AC:  3    Str: 14    XL:     5   Next: 83%
Magic:  6/6        EV: 12    Int: 13    God:
Gold:   0          SH:  0    Dex: 15    Spells: 4/4 levels left

rFire   . . .      SeeInvis .    i - +0 trident
rCold   . . .      Faith    .    (no shield)
rNeg    . . .      Spirit   .    b - +0 leather armour
rPois   .          Reflect  .    (no helmet)
rElec   .          Harm     .    (no cloak)
rCorr   .          Rampage  .    (no gloves)
Will    .....                    (no boots)
Stlth   +                        (no amulet)
HPRegen 0.27/turn                (no ring)
MPRegen 0.10/turn                (no ring)

@: lethally poisoned (0 -> -13), about to teleport, glowing
A: sense surroundings 1, otherworldly, glowing, explore regen
a: no special abilities


You were on level 5 of the Dungeon.
You visited 1 branch of the dungeon, and saw 3 of its levels.

Inventory:

Hand Weapons
 a - a +0 mace
 i - a +0 trident (weapon)
Armour
 b - a +0 leather armour (worn)
Wands
 g - a wand of digging (2) {@v3}
Scrolls
 c - a scroll of fog
 d - a scroll of magic mapping {@r5}


   Skills:
 + Level 4.8 Fighting
 - Level 2.6 Maces & Flails
 - Level 4.3 Polearms
 - Level 2.4 Dodging
 - Level 3.7 Stealth


You had 4 spell levels left.
You didn't know any spells.
Your spell library was empty.

Dungeon Overview and Level Annotations

Branches:
Dungeon (6/15) Zot: 1677
 Temple: D:4-7

Altars:

Shops:
D:5 :


Innate Abilities, Weirdness & Mutations

You passively map a small area around you.
You are easily found by Zot.
You glow in the dark.
You regain HP and MP as you explore.


Message History

You completely miss the scorpion. The scorpion stings you.
You are poisoned.
The scorpion poisons you!
You hit the scorpion.
The scorpion is lightly wounded.
You feel very sick. The scorpion stings you.
You hit the scorpion but do no damage.
The scorpion is lightly wounded.
The scorpion stings you.
You hit the scorpion.
The scorpion is heavily wounded.
The scorpion stings you.
You are more poisoned.
The scorpion poisons you!
You are too injured to fight recklessly!
You hit the scorpion.
The scorpion is almost dead.
You feel very sick. The scorpion stings you.
* * * LOW HITPOINT WARNING * * *
You closely miss the scorpion.
The scorpion is almost dead.
You feel very sick. The scorpion stings you.
* * * LOW HITPOINT WARNING * * *
You are lethally poisoned!
The scorpion poisons you!
You aren't carrying any potions.
As you read the scroll labelled POF JOTAPRYITT, it crumbles to dust.
You feel strangely unstable.
It was a scroll of teleportation.
* * * LOW HITPOINT WARNING * * *
You feel very sick.
You puncture the scorpion!
You kill the scorpion!
* * * LOW HITPOINT WARNING * * *
You feel very sick.
Your Fighting skill increases to level 4!
You die...

.......#.. *
........ ,
##......# ,,
#....... , , *
#.....# * #.....##
, #......# .....
#..#@..####..... ,
*#...........##..#
#..................
#....#......##.. ..
##...###......##...
#.#...............
###...............
#...........#...
#####....##.#...


There were no monsters in sight!

Vanquished Creatures
  2 scorpions (D:5)
  A hound (D:5)
3 creatures vanquished.

Notes
Turn   | Place    | Note
-------+----------+-------------------------------------------
     0 | D:5      | iguanaiguana the Meteoran Delver began the quest for the
                  | Orb.
     0 | D:5      | Reached XP level 1. HP: 19/19 MP: 2/2
    33 | D:5      | Noticed a scorpion
    35 | D:5      | Noticed a hound
    36 | D:5      | Noticed a water moccasin
    74 | D:5      | Killed a scorpion
    75 | D:5      | Reached XP level 2. HP: 24/26 MP: 3/3
    75 | D:5      | Reached XP level 3. HP: 29/31 MP: 4/4
    75 | D:5      | Reached XP level 4. HP: 35/38 MP: 5/5
    85 | D:5      | Reached XP level 5. HP: 43/46 MP: 6/6
   135 | D:5      | HP: 2/46 [poisoned by a scorpion]
   136 | D:5      | Succumbed to a scorpion's poison

Illustrated notes

Levels and vault maps discovered:
D:4:      layout_layer_cave
D:5:      layout_cave_pools, nicolae_stop_n_shop_1
D:6:      layout_loops_ring, mainiacjoe_overflow_chevrons,
          minmay_temple_entry_tees, gammafunk_ghost_icy,
          chequers_serial_rivers_large_b

Skill      XL: |  1  2  3  4  5 |
---------------+----------------+-----
Polearms       | 4 |  4.3
Fighting       | 4 |  4.8
Maces & Flails | |  2.6
Dodging        | |  2.4
Stealth        | |  3.7

Action                     |  1- 3 |  4- 6 || total
---------------------------+-------+-------++-------
  Melee: Trident           |     6 |    16 ||    22
  Evoke: Wand              |     1 |       ||     1
    Use: Potion            |     2 |       ||     2
         Scroll            |     1 |     1 ||     2
 Armour: Leather armour    |     3 |     5 ||     8
  Dodge: Dodged            |     9 |     4 ||    13

Table legend: (Time is in decaauts)
 A = Elapsed time spent in this place.
 B = Non-inter-level travel time spent in this place.
 C = Inter-level travel time spent in this place.
 D = Time resting spent in this place.
 E = Time spent auto-exploring this place.
 F = Levels seen in this place.
 G = Mean time per level.
                   A        B        C        D        E       F      G
               +--------+--------+--------+--------+--------+-----+--------+
         Total |    122 |    122 |      0 |      0 |      0 |   3 |   40.7 |
       Dungeon |    122 |    122 |      0 |      0 |      0 |   3 |   40.7 |
               +--------+--------+--------+--------+--------+-----+--------+

Top non-repeatable levels by time:
     D:5: 97 daAuts
     D:4: 14 daAuts
     D:6: 10 daAuts
